 Dungeon Crawl Stone Soup version 0.21-a0-398-g2ec2765 (webtiles) character file.

3785 Mitsuki the Destroyer (level 9, 0/57 HPs)
             Began as a Demonspawn Wizard on Oct 20, 2017.
             Was a Believer of Vehumet.
             Slain by a killer bee (8 damage)
             ... on level 8 of the Dungeon.
             The game lasted 00:45:29 (15013 turns).

Mitsuki the Destroyer (Demonspawn Wizard)          Turns: 15013, Time: 00:45:30

Health: 0/57       AC:  5    Str:  8    XL:     9   Next: 95%
Magic:  1/18       EV: 11    Int: 23    God:    Vehumet [**....]
Gold:   293        SH:  0    Dex: 11    Spells: 7/21 levels left

rFire    . . .     SeeInvis .   D - +1 great sword (elec)
rCold    + . .     Gourm    +   (shield currently unavailable)
rNeg     . . .     Faith    .   a - +0 robe
rPois    .         Spirit   .   b - +0 hat
rElec    .         Reflect  .   H - +0 cloak
rCorr    +         Harm     .   (no gloves)
MR       .....                  (no boots)
Stlth    +.........             t - amulet of the gourmand
HPRegen  0.19/turn              l - ring of resist corrosion
MPRegen  0.16/turn              e - ring of protection from cold

@: lethally poisoned (0 -> -4), drained
A: claws 2, molten scales 1, demonic guardian 2
a: Renounce Religion


You were on level 8 of the Dungeon.
You worshipped Vehumet.
Vehumet was pleased with you.
You were very full.

You visited 2 branches of the dungeon, and saw 9 of its levels.

You collected 293 gold pieces.

Inventory:

Hand Weapons
 f - a +2 short sword of venom
 i - a +0 quarterstaff
 B - a +2 quarterstaff of draining
 D - a +1 great sword of electrocution (weapon)
Armour
 a - a +0 robe (worn)
 b - a +0 hat (worn)
 H - a +0 cloak (worn)
Magical Staves
 y - an uncursed staff of earth
Jewellery
 e - a ring of protection from cold (right claw)
 l - a ring of resist corrosion (left claw)
 o - an uncursed ring of ice
 t - an amulet of the gourmand (around neck)
 G - an uncursed amulet of rage
Wands
 s - a wand of lightning (5/15)
 x - a wand of confusion (18/48)
 z - a wand of polymorph (24/24)
Scrolls
 j - a scroll of noise
 n - 6 scrolls of remove curse
 r - 4 scrolls of recharging
Potions
 h - a potion of mutation {unknown}
 k - a potion of degeneration {unknown}
 m - 3 potions of might
 p - 2 potions of berserk rage
 q - a potion of heal wounds {unknown}
 u - a potion of haste {unknown}
 v - a potion of brilliance {unknown}
 w - a potion of curing
 A - 2 potions of resistance {unknown}
 C - a potion of magic {unknown}
 E - 2 potions of lignification {unknown}
Books
 c - a book of Minor Magic

   Spells                             Type                      Level
   a - Magic Dart                     Conjuration                  1
   b - Blink                          Translocation                2
   c - Call Imp                       Summoning                    2
   d - Slow                           Hexes                        2
   e - Conjure Flame                  Conjuration/Fire             3
   f - Mephitic Cloud                 Conjuration/Poison/Air       3
 F - a book of Power

   Spells                             Type                      Level
   a - Iskenderun's Battlesphere      Conjuration/Charms           5
   b - Venom Bolt                     Conjuration/Poison           5
   c - Bolt of Magma                  Conjuration/Fire/Earth       5
   d - Iron Shot                      Conjuration/Earth            6
   e - Orb of Destruction             Conjuration                  7
   f - Spellforged Servitor           Conjuration/Summoning        7
Comestibles
 d - 4 bread rations
 g - 4 royal jellies


   Skills:
 - Level 1.7(0.8) Dodging
 - Level 1.7(0.8) Stealth
 - Level 6.5(5.4) Spellcasting
 + Level 8.0(6.8) Conjurations
 + Level 3.3(2.3) Charms
   Level 1.0(0.0) Summonings
 - Level 4.4(3.4) Translocations
 + Level 7.0(5.9) Fire Magic


You had 7 spell levels left.
You knew the following spells:

 Your Spells              Type           Power        Failure   Level  Hunger
a - Magic Dart            Conj           ####         1%          1    None
b - Mephitic Cloud        Conj/Pois/Air  ###.....     11%         3    ##.....
c - Conjure Flame         Conj/Fire      #####...     1%          3    ##.....
d - Blink                 Tloc           N/A          3%          2    None
e - Iskenderun's Battles  Conj/Chrm      ####....     36%         5    #####..


Dungeon Overview and Level Annotations

Branches:
Dungeon (8/15)             Temple (1/1) D:4
   Lair: D:8-11

Altars:
Ashenzari
Cheibriados
Dithmenos
Elyvilon
Fedhas
Gozag
Hepliaklqana
Kikubaaqudgha
Makhleb
Nemelex Xobeh
Okawaru
Qazlal
Ru
Sif Muna
Trog
Uskayaw
Vehumet
Wu Jian
Xom
Yredelemnul
Zin
The Shining One

Shops:
D:4 *   D:6 ?


Innate Abilities, Weirdness & Mutations

You have very sharp fingernails.
You are partially covered in molten scales. (AC +2)
A demonic guardian rushes to your aid.


Message History

Casting: Blink
Confirm with . or Enter, or press ? or * to list all spells.
You don't have enough magic to cast that spell.
The killer bee barely misses you.
You riposte.
You closely miss the killer bee.
The killer bee is almost dead.
You closely miss the killer bee.
The killer bee is almost dead.
The killer bee closely misses you. The killer bee stings you.
* * * LOW HITPOINT WARNING * * *
The killer bee stings you but does no damage. x2
The killer bee stings you.
* * * LOW HITPOINT WARNING * * *
You are poisoned.
The killer bee poisons you! The killer bee barely misses you.
You take 2 damage, and have 9/57 hp.
Casting: Blink
Confirm with . or Enter, or press ? or * to list all spells.
You don't have enough magic to cast that spell.
You feel sick. The killer bee stings you!
You die...

.. #............................#
...#............................#
##'#............................#
......#########+###'#...........#
......#..#...#......#####+##....#
......#..#...'.............'....#
.....†'..'...#.............#....#
......#####..##yy..........#....#
....#######..##.@...##.....#....#
....#........##.....########....#
<...#........#......## #....#
....#........#.......# #....#
....#.....÷..+.......# #....#
....#######..######### +....#
.#'########..# #....#
.#........'..# ...[.#
.#........#..# ..$..#


You could see 2 killer bees.

Vanquished Creatures
  The ghost of lupus83 the Charmwright, a novice GnSk (D:5)
  Sigmund (D:2)
  An orc warrior (D:8)
  2 ice beasts
  2 sky beasts
  The ghost of Gunzzzzmaster the Chopper, an amateur HOFi (D:3)
  2 phantoms
  3 centaurs
  An ogre (D:4)
  A crocodile (D:8)
  2 bullfrogs
  2 scorpions
  5 killer bees
  5 wights
  2 howler monkeys
  A crimson imp (D:6)
  3 orc priests
  3 hounds
  6 orc wizards
  3 iguanas
  4 worker ants
  2 hound skeletons
  A worker ant zombie (D:7)
  12 adders
  A howler monkey skeleton (D:5)
  3 shadow imps
  An adder skeleton (D:5)
  2 adder zombies
  5 worms
  A dart slug (D:2)
  4 leopard geckos
  34 orcs
  2 ball pythons
  8 bats
  4 giant cockroaches
  4 goblins
  3 hobgoblins
  5 jackals
  3 quokkas
  5 frilled lizards
  9 kobolds
  A quokka skeleton (D:8)
  A quokka zombie (D:5)
  7 rats
169 creatures vanquished.

Vanquished Creatures (collateral kills)
  The ghost of Gunzzzzmaster the Chopper, a novice HOFi of Trog (D:4)
  An ogre (D:7)
  A killer bee (D:7)
  3 howler monkeys (D:7)
  An orc wizard (D:7)
7 creatures vanquished.

Grand Total: 176 creatures vanquished

Notes
Turn   | Place    | Note
-------+----------+-------------------------------------------
     0 | D:1      | Mitsuki the Demonspawn Wizard began the quest for the Orb.
     0 | D:1      | Reached XP level 1. HP: 13/13 MP: 4/4
   277 | D:1      | Gained mutation: You are partially covered in molten scales. (AC +2) [demonic ancestry]
   277 | D:1      | Reached XP level 2. HP: 19/19 MP: 1/6
   778 | D:1      | Reached skill level 2 in Conjurations
  1334 | D:2      | Reached XP level 3. HP: 24/24 MP: 2/8
  1724 | D:2      | Found a stormy altar of Qazlal.
  2062 | D:2      | Noticed Sigmund
  2076 | D:2      | Killed Sigmund
  2076 | D:2      | Reached skill level 3 in Conjurations
  2076 | D:2      | Gained mutation: You have sharp fingernails. [demonic ancestry]
  2076 | D:2      | Reached XP level 4. HP: 25/30 MP: 2/10
  2076 | D:2      | Gained mutation: You have very sharp fingernails. [demonic ancestry]
  2076 | D:2      | Reached XP level 5. HP: 29/35 MP: 2/11
  2387 | D:2      | Found an ornate altar of the Wu Jian Council.
  2481 | D:2      | Learned a level 3 spell: Mephitic Cloud
  2485 | D:2      | Learned a level 3 spell: Conjure Flame
  2488 | D:2      | Learned a level 2 spell: Blink
  2785 | D:3      | Noticed Gunzzzzmaster's ghost (amateur HOFi)
  2844 | D:3      | Reached skill level 1 in Translocations
  2851 | D:3      | Reached skill level 4 in Conjurations
  3701 | D:3      | Found an ancient bone altar of Kikubaaqudgha.
  3742 | D:4      | Noticed an ogre
  3750 | D:3      | Reached XP level 6. HP: 21/41 MP: 7/13
  4301 | D:4      | Found a staircase to the Ecumenical Temple.
  4307 | Temple   | Entered the Ecumenical Temple
  4588 | D:4      | Reached skill level 5 in Spellcasting
  5027 | D:4      | Found a deep blue altar of Sif Muna.
  5027 | D:4      | Found a burning altar of Makhleb.
  5344 | D:4      | Reached XP level 7. HP: 46/46 MP: 10/15
  5719 | D:4      | Noticed Gunzzzzmaster's ghost (novice HOFi)
  5783 | D:4      | Found Yqiun's General Store.
  5867 | D:5      | Entered Level 5 of the Dungeon
  5993 | D:5      | Reached skill level 5 in Conjurations
  6098 | D:5      | Noticed lupus83's ghost (novice GnSk)
  6719 | D:5      | Killed lupus83's ghost
  6719 | D:5      | Reached skill level 6 in Conjurations
  6719 | D:5      | Gained mutation: A weak demonic guardian rushes to your aid. [demonic ancestry]
  6719 | D:5      | Reached XP level 8. HP: 23/52 MP: 7/17
  7259 | D:5      | Found a shadowy altar of Dithmenos.
  7260 | D:5      | Found a radiant altar of Vehumet.
  7264 | D:5      | Became a worshipper of Vehumet
  7328 | D:6      | Found a hazy altar of Hepliaklqana.
  7414 | D:6      | Reached skill level 1 in Fire Magic
  7539 | D:6      | Found Jeimunn's Magic Scroll Shoppe.
  9648 | D:7      | Reached * piety under Vehumet
  9648 | D:7      | Offered knowledge of Flame Tongue by Vehumet.
  9766 | D:7      | Found a blossoming altar of Fedhas.
  9769 | D:7      | Found a snail-covered altar of Cheibriados.
  9777 | D:7      | Found a hide-covered altar of Uskayaw.
  9780 | D:7      | Found a shattered altar of Ashenzari.
  9835 | D:7      | Reached skill level 5 in Fire Magic
  9835 | D:7      | Gained mutation: A demonic guardian rushes to your aid. [demonic ancestry]
  9835 | D:7      | Reached XP level 9. HP: 54/57 MP: 14/18
  9860 | D:7      | Learned a level 5 spell: Iskenderun's Battlesphere
 10468 | D:7      | Reached skill level 7 in Conjurations
 11068 | D:7      | Reached skill level 1 in Charms
 11519 | D:4      | Killed Gunzzzzmaster's ghost
 11522 | D:4      | Found a white marble altar of Elyvilon.
 12212 | D:3      | Found an ancient bone altar of Kikubaaqudgha.
 12536 | D:3      | Found an ancient bone altar of Kikubaaqudgha.
 13042 | D:3      | Killed Gunzzzzmaster's ghost
 13834 | D:8      | Offered knowledge of Shock by Vehumet.
 14561 | D:7      | Reached ** piety under Vehumet
 14792 | D:7      | Reached skill level 8 in Conjurations
 15013 | D:8      | Slain by a killer bee

Vault maps used:
D:1:      dpeg_arrival_water_temple_mockup
D:2:      lemuel_crystal_altar, nicolae_overflow_crystal_walls, first_bread,
          uniq_sigmund
D:3:      kiku_gazebo_garden_becter
D:4:      kennysheep_mini_moat, nicolae_overflow_hidden_temple,
          minmay_temple_entry_fiery, serial_shops, shop, bloody_makhleb
D:5:      gammafunk_temple_overflow_statue
D:6:      minmay_thick_lines, overflow_temple_1_default, serial_shops, shop
D:7:      grunt_temple_overflow_cloverleaf, nicolae_ossuary_entry_monument
D:8:      lemuel_doored_altar
Temple:   jpeg_temple_island

Skill      XL: |  1  2  3  4  5  6  7  8  9 |
---------------+----------------------------+-----
Conjurations   | 2 3 4 6 8 |  8.0
Spellcasting   | 4 5 6 |  6.5
Translocations | 1 2 4 |  4.4
Fire Magic     | 5 7 |  7.0
Charms         | 3 |  3.3
Dodging        | |  1.7
Stealth        | |  1.7
Summonings     | |  1.0

Action                   |  1- 3 |  4- 6 |  7- 9 || total
-------------------------+-------+-------+-------++-------
Melee: Short sword       |    18 |    47 |    43 ||   108
       Great sword       |       |       |    83 ||    83
       Quarterstaff      |       |       |    12 ||    12
 Cast: Magic Dart        |    66 |   105 |   388 ||   559
       Conjure Flame     |       |     4 |    23 ||    27
       Mephitic Cloud    |       |     9 |    21 ||    30
       Blink             |       |       |    16 ||    16
       Iskenderun's Batt |       |       |     2 ||     2
  Use: Scroll            |       |       |    11 ||    11
       Potion            |       |       |     1 ||     1
 Stab: Confused          |       |     1 |     3 ||     4
  Eat: Chunk             |     3 |    18 |    35 ||    56
Armor: Robe              |     8 |    10 |    30 ||    48
Dodge: Dodged            |    19 |    41 |   147 ||   207
       Rpst.: Great sword |       |       |    34 ||    34

Table legend:
 A = Spawn XP
 B = Non-spawn XP
 C = Spawn XP percentage of total XP
 D = Spawn monster count
 E = Non-spawn monster count
 F = Spawn count percentage of total count
 G = Total turns spent on level
                    A         B        C        D         E        F      G
               +---------+---------+-------+---------+---------+-------+---------
         Total |       0 |    5408 |   0.0 |       0 |     176 |   0.0 | 15013
               +---------+---------+-------+---------+---------+-------+---------
           D:1 |       0 |      30 |   0.0 |       0 |      17 |   0.0 |  1207
           D:2 |       0 |     252 |   0.0 |       0 |      17 |   0.0 |  1371
           D:3 |       0 |     263 |   0.0 |       0 |      24 |   0.0 |  3586
           D:4 |       0 |     877 |   0.0 |       0 |      26 |   0.0 |  1495
           D:5 |       0 |     956 |   0.0 |       0 |      11 |   0.0 |  1157
           D:6 |       0 |     787 |   0.0 |       0 |      25 |   0.0 |  2408
           D:7 |       0 |    1524 |   0.0 |       0 |      43 |   0.0 |  2823
           D:8 |       0 |     719 |   0.0 |       0 |      13 |   0.0 |   724
               +---------+---------+-------+---------+---------+-------+---------
